 Dungeon Crawl Stone Soup version 0.32-a0-12-g7fc57aa741 (webtiles) character file.

Game seed: 5581779429669449659

22661 jjjjhere the Grappler (level 12, 0/101 HPs)
             Began as a Merfolk Shapeshifter on Jan 13, 2024.
             Was a Priest of Ru.
             Slain by a fire crab (15 damage)
             ... on level 2 of the Lair of Beasts on Jan 14, 2024.
             The game lasted 00:26:11 (11392 turns).

jjjjhere the Grappler (Merfolk Shapeshifter)       Turns: 11392, Time: 00:26:12

Health: 0/101      AC: 21    Str: 14    XL:     12   Next: 1%
Magic:  12/12      EV:  7    Int: 11    God:    Ru [***...]
Gold:   862        SH:  0    Dex: 19    Spells: 11/11 levels left

rFire   . .          .
                       - Unarmed
rCold   . . .        (no shield)
rNeg    + . .        s - +8 plate armour "Xaneu" {Will+ Str-4 Int+2 Dex+4}
rPois   .            (helmet currently unavailable)
rElec   .            (cloak currently unavailable)
rCorr   .            (gloves currently unavailable)
SInv    .            (boots currently unavailable)
Will    +....        g - amulet of regeneration Stlth
                     n - ring of positive energy
HPRegen 1.16/turn    (no ring)
MPRegen 0.13/turn

%: no passive effects
@: beast-form
A: beast (slay +4), no stealth, hated by all, inexperienced 1, (nimble swimmer
2), mertail
a: Begin Untransformation, Renounce Religion, Draw Out Power


You were on level 2 of the Lair of Beasts.
You worshipped Ru.
Ru was most pleased with you.
You were a hulking beast.
You visited 3 branches of the dungeon, and saw 13 of its levels.
You also visited: Ossuary.

You collected 862 gold pieces.

Inventory:

Missiles
 j - 5 atropa-tipped darts
 w - 37 poisoned darts (quivered)
 M - 5 javelins
Armour
 s - the +8 plate armour "Xaneu" (worn) {Will+ Str-4 Int+2 Dex+4}
   (You found it on level 3 of the Dungeon)

   Str-4:     It affects your strength (-4).
   Int+2:     It affects your intelligence (+2).
   Dex+4:     It affects your dexterity (+4).
   Will+:     It increases your willpower.
 H - a +0 cloak
 K - a +0 pair of boots
Jewellery
 g - an amulet of regeneration (around neck)
 n - a ring of positive energy (left hand)
Talismans
 c - a beast talisman
 d - a flux talisman
Wands
 b - a wand of paralysis (7)
 y - a wand of flame (18)
 z - a wand of quicksilver (9)
 J - a wand of roots (4)
Scrolls
 a - 2 scrolls of fog {unknown}
 e - 4 scrolls of immolation {unknown}
 f - a scroll of vulnerability
 m - 10 scrolls of teleportation
 p - 2 scrolls of enchant armour
 q - 2 scrolls of revelation {unknown}
 r - 3 scrolls of noise {unknown}
 t - 2 scrolls of poison {unknown}
 v - a scroll of amnesia
 C - a scroll of butterflies {unknown}
 E - 2 scrolls of silence {unknown}
 F - a scroll of acquirement {unknown}
Potions
 h - 2 potions of enlightenment
 i - 8 potions of curing
 k - 2 potions of resistance
 l - 4 potions of magic
 o - 3 potions of haste
 u - 3 potions of invisibility
 x - 3 potions of brilliance
 A - a potion of cancellation
 B - a potion of berserk rage
 G - 2 potions of heal wounds
 I - 2 potions of mutation
 L - a potion of might


   Skills:
 + Level 11.7 Fighting
 + Level 7.5 Armour
 - Level 7.2 Dodging
 + Level 13.7 Unarmed Combat
 - Level 7.1 Evocations
 - Level 7.5 Shapeshifting


You had 11 spell levels left.
You didn't know any spells.
Your spell library contained the following spells:

 Spells                   Type           Power      Damage    Failure   Level
 Apportation              Tloc           0%         N/A       100%        1
 Magic Dart               Conj           0%         1d3       100%        1
 Necrotise                Necr           0%         1d4       100%        1
 Sting                    Conj/Alch      0%         1d3       100%        1
 Blink                    Tloc           0%         N/A       100%        2
 Sublimation of Blood     Necr           0%         N/A       100%        2
 Confusing Touch          Hex            0%         N/A       100%        3
 Mephitic Cloud           Conj/Alch/Air  0%         N/A       100%        3
 Swiftness                Air            0%         N/A       100%        3
 Vampiric Draining        Necr           0%         2d6       100%        3
 Volatile Blastmotes      Fire/Tloc      0%         2d10      100%        3
 Cause Fear               Hex            0%         N/A       100%        4
 Fulminant Prism          Conj/Alch      0%         3d5       100%        4
 Iskenderun's Mystic Bla  Conj/Tloc      0%         2d3       100%        4
 Leda's Liquefaction      Alch/Erth      0%         N/A       100%        4
 Petrify                  Alch/Erth      0%         N/A       100%        4
 Curse of Agony           Necr           0%         N/A       100%        5
 Irradiate                Conj/Alch      0%         3d11      100%        5
 Lee's Rapid Deconstruct  Erth           0%         3d4*      100%        5
 Bombard                  Conj/Erth      0%         9d1       100%        6
 Summon Small Mammal      Summ           Unusable   N/A       N/A         1
 Call Imp                 Summ           Unusable   N/A       N/A         2
 Martyr's Knell           Necr/Summ      Unusable   N/A       N/A         4

Dungeon Overview and Level Annotations

Branches:
Dungeon (10/15)            Temple (1/1) D:6            Lair (2/5) D:10
 Spider (0/4) Lair:2          Orc (0/2) D:10        Ossuary (visited)
  Swamp: Lair:2-3    Shoals: Lair:2-3

Altars:
Ashenzari
Cheibriados
Dithmenos
Elyvilon
Gozag
Kikubaaqudgha
Makhleb
Nemelex Xobeh
Okawaru
Qazlal
Ru
Sif Muna
Trog
Uskayaw
Vehumet
Wu Jian
Xom
Zin
The Shining One

Shops:
D:8 :


Innate Abilities, Weirdness & Mutations

You are a hulking beast.
Your limbs bulge with bestial killing power. (Slay +4)
You cannot be stealthy.
You are hated by all.
You are somewhat inexperienced. (-1 XL)
((You are very nimble when in or above water. (Stealth+, EV+, Speed+++)))
Your lower body shifts to a powerful aquatic tail in water.


Message History

You punch the fire crab!
The fire crab is moderately wounded.
The fire crab breathes flames at you. The blast of flame misses you.
You hit the fire crab.
The fire crab is moderately wounded.
You are engulfed in blazing flames.
The fire crab bites you but does no damage.
The fire crab barely misses you.
You punch the fire crab! You punch the fire crab.
The fire crab is heavily wounded.
You are engulfed in blazing flames.
The fire crab barely misses you.
The fire crab claws you but does no damage.
You barely miss the fire crab.
The fire crab is heavily wounded.
You hit the fire crab.
The fire crab is severely wounded.
The fire crab bites you but does no damage.
The fire crab claws you but does no damage.
You hit the fire crab.
The fire crab is severely wounded.
The fire crab breathes flames at you. The blast of flame engulfs you.
You hit the fire crab but do no damage. You punch the fire crab.
The fire crab is severely wounded.
You are engulfed in blazing flames.
The fire crab bites you but does no damage.
The fire crab claws you!
You are engulfed in flames!
You punch the fire crab!
The fire crab is almost dead.
You are engulfed in blazing flames.
You focus your inner power and blind the fire crab in retribution!
You hit the fire crab but do no damage.
The fire crab is almost dead.
You are engulfed in blazing flames.
* * * LOW HITPOINT WARNING * * *
The fire crab closely misses you. The fire crab claws you!
* * * LOW HITPOINT WARNING * * *
You are engulfed in flames!
You die...

#.#......................#
........................##
[...........÷....≈≈##÷..#
.##.†.<..........~≈≈#...#
##########.......≈≈≈÷#.##
##.......~≈≈### ..
##.......≈≈#
~...########°.~≈#
~~......##th°.~≈#
≈≈≈~≈.....°°°°≈≈#
≈≈≈≈≈≈≈~..~≈≈≈≈≈#
≈≈≈≈≈≈≈≈≈÷≈≈≈≈≈##
≈≈~###≈≈≈≈≈≈####### ≈~
######## ##.# ≈ ###..#
##.#..# # #.#...#


You could see a fire crab (blind, unable to see you).

Vanquished Creatures
  A hydra (Lair:2)
  3 two-headed ogres
  3 death yaks
  Urug (Lair:1)
  A manticore (D:7)
  An oklob plant (Lair:1)
  2 black mambas (Lair:2)
  2 elephants (Lair:2)
  2 cane toads
  2 gargoyles (D:7)
  2 rime drakes
  3 komodo dragons
  2 polar bears
  3 hornets
  Grinder (D:6)
  3 blink frogs (Lair:2)
  A shadow (D:10)
  4 wyverns
  2 wraiths
  6 steam dragons
  19 yaks
  A basilisk (Lair:1)
  8 water moccasins
  An acid dragon (D:9)
  A sky beast (D:7)
  5 ice beasts
  2 orc warriors
  3 black bears
  5 ogres
  8 wolves
  2 centaurs
  An elf zombie (Ossuary)
  A gnoll sergeant (D:10)
  3 kobold brigands
  5 scorpions
  6 bullfrogs
  7 wights
  7 electric eels (D:10)
  3 howler monkeys
  3 bombardier beetles
  A jelly (D:6)
  4 centaur zombies (Ossuary)
  5 orc priests
  A gnoll bouda (D:7)
  7 hounds
  2 sleepcaps (D:5)
  6 hell rats (Lair:2)
  2 iguanas
  10 orc wizards
  An ogre zombie (Ossuary)
  7 mummies (Ossuary)
  7 gnolls
  5 adders
  2 shadow imps
  2 white imps
  4 adder zombies (Ossuary)
  4 dart slugs
  2 ribbon worms (D:2)
  41 orcs
  4 endoplasms
  2 giant cockroaches
  6 goblins
  4 hobgoblins
  3 jackals (D:1)
  19 kobolds
  5 quokkas
  9 ball pythons
  5 bats
  3 frilled lizards
  3 goblin zombies (Ossuary)
  4 hobgoblin zombies (Ossuary)
  7 kobold zombies (Ossuary)
  4 quokka zombies (Ossuary)
  3 rats
  2 rat zombies (Ossuary)
332 creatures vanquished.

Vanquished Creatures (others)
  A death yak (D:10)
  A cane toad (Lair:2)
  An electric eel (Lair:2)
  2 orcs
5 creatures vanquished.

Grand Total: 337 creatures vanquished

Notes
Turn   | Place    | Note
-------+----------+-------------------------------------------
     0 | D:1      | jjjjhere the Merfolk Shapeshifter began the quest for the
                  | Orb.
     0 | D:1      | Reached XP level 1. HP: 15/15 MP: 1/1
   426 | D:1      | Reached XP level 2. HP: 21/21 MP: 2/2
   602 | D:1      | Reached XP level 3. HP: 25/26 MP: 3/3
   638 | D:1      | Reached skill level 4 in Unarmed Combat
  1169 | D:2      | Found a faded altar of an unknown god.
  1169 | D:2      | Noticed a scorpion
  1183 | D:2      | Killed a scorpion
  1184 | D:2      | Reached skill level 5 in Shapeshifting
  1184 | D:2      | Reached XP level 4. HP: 32/32 MP: 4/4
  1409 | D:2      | Reached XP level 5. HP: 33/37 MP: 5/5
  1579 | D:2      | Identified the +8 whip of Midsummer {freeze, rF+ rCorr
                  | Str+3}
  1691 | D:3      | Found an ornate altar of the Wu Jian Council.
  1705 | D:3      | Reached skill level 5 in Unarmed Combat
  1748 | D:3      | Identified the +8 plate armour "Xaneu" {Will+ Str-4 Int+2
                  | Dex+4}
  2315 | D:3      | Reached XP level 6. HP: 38/43 MP: 6/6
  2407 | D:4      | Reached skill level 1 in Armour
  2697 | D:4      | Found a glowing golden altar of the Shining One.
  2742 | D:4      | Got Myte's Parchment of Vapourous Glamour
  2923 | D:5      | Entered Level 5 of the Dungeon
  2954 | D:5      | Reached skill level 6 in Unarmed Combat
  2954 | D:5      | Reached XP level 7. HP: 45/52 MP: 7/7
  3526 | D:5      | Reached skill level 7 in Unarmed Combat
  3544 | D:5      | Reached XP level 8. HP: 57/58 MP: 8/8
  4226 | D:6      | Found a staircase to the Ecumenical Temple.
  4337 | D:5      | Reached skill level 8 in Unarmed Combat
  4353 | Temple   | Entered the Ecumenical Temple
  4366 | Temple   | Became a worshipper of Ru the Awakened
  4471 | D:6      | Found a sand-covered staircase.
  4479 | Ossuary  | Entered an ossuary
  4808 | Ossuary  | Reached skill level 9 in Unarmed Combat
  4824 | Ossuary  | Reached XP level 9. HP: 53/63 MP: 9/9
  4879 | Ossuary  | Reached skill level 5 in Armour
  5012 | Ossuary  | Upgraded the game from 0.32-a0-7-ge934b4519a to
                  | 0.32-a0-12-g7fc57aa741
  5069 | D:6      | Noticed Grinder
  5078 | D:6      | Killed Grinder
  5298 | D:6      | Gained mutation: You are hated by all. [Ru sacrifice]
  5298 | D:6      | Reached * piety under Ru
  5534 | D:7      | Identified the +1 robe of Spite {Fly rPois Will- Stlth+}
  5696 | D:7      | Reached skill level 10 in Unarmed Combat
  5819 | D:7      | Found a snail-covered altar of Cheibriados.
  5851 | D:7      | Found a white marble altar of Elyvilon.
  6197 | D:8      | Noticed a hornet
  6205 | D:8      | Paralysed by a hornet for 2 turns
  6207 | D:8      | HP: 31/97 [poisoned by a hornet]
  6209 | D:8      | Killed a hornet
  6212 | D:8      | HP: 19/97 [poisoned by a hornet]
  6307 | D:8      | Found Zuleoxza's Book Shoppe.
  6367 | D:8      | Noticed a two-headed ogre
  6391 | D:8      | Killed a two-headed ogre
  6392 | D:8      | Reached skill level 5 in Fighting
  6392 | D:8      | Reached XP level 10. HP: 74/74 MP: 10/10
  6594 | D:7      | Reached skill level 11 in Unarmed Combat
  6594 | D:7      | Reached skill level 1 in Evocations
  6614 | D:7      | Noticed a gargoyle
  6632 | D:7      | Killed a gargoyle
  6792 | D:7      | Noticed a manticore
  6793 | D:7      | Noticed a gargoyle
  6800 | D:7      | Killed a manticore
  6831 | D:7      | Killed a gargoyle
  7281 | D:9      | Noticed a two-headed ogre
  7455 | D:9      | Reached XP level 11. HP: 75/84 MP: 11/11
  7497 | D:9      | Killed a two-headed ogre
  7498 | D:9      | Reached skill level 12 in Unarmed Combat
  7726 | D:9      | Gained mutation: You cannot be stealthy. [Ru sacrifice]
  7726 | D:9      | Reached ** piety under Ru
  7841 | D:9      | Found a hide-covered altar of Uskayaw.
  7910 | D:10     | Entered Level 10 of the Dungeon
  7942 | D:10     | Reached skill level 5 in Evocations
  8043 | D:10     | Noticed a two-headed ogre
  8054 | D:10     | Killed a two-headed ogre
  8202 | D:10     | Found a staircase to the Lair.
  8254 | D:10     | Reached skill level 5 in Dodging
  8258 | D:10     | HP: 21/87 [ice beast (12)]
  8336 | D:10     | Found a staircase to the Orcish Mines.
  9083 | Lair:1   | Entered Level 1 of the Lair of Beasts
  9083 | Lair:1   | Noticed an oklob plant
  9153 | Lair:1   | Killed an oklob plant
  9191 | Lair:1   | Noticed a death yak
  9191 | Lair:1   | Noticed a death yak
  9191 | Lair:1   | Noticed a death yak
  9206 | Lair:1   | Killed a death yak
  9224 | D:10     | Killed a death yak
  9273 | D:10     | Killed a death yak
  9274 | D:10     | Reached XP level 12. HP: 91/97 MP: 12/12
  9565 | Lair:1   | Reached skill level 10 in Fighting
  9644 | Lair:1   | Noticed Urug
  9749 | Lair:1   | Gained mutation: You are somewhat inexperienced. (-1 XL)
                  | [Ru sacrifice]
  9749 | Lair:1   | Reached XP level 11. HP: 91/91 MP: 11/11
  9749 | Lair:1   | Reached *** piety under Ru
  9857 | Lair:1   | Killed Urug
 10183 | Lair:2   | Found a hole to the Spider Nest.
 10476 | Lair:2   | HP: 27/90 [poisoned by a cane toad]
 10479 | Lair:2   | HP: 12/89 [hell rat (12)]
 10601 | Lair:2   | Reached skill level 13 in Unarmed Combat
 11084 | Lair:2   | Noticed a four-headed hydra
 11100 | Lair:2   | Killed a four-headed hydra
 11121 | Lair:2   | HP: 26/93 [steam dragon] (6)]
 11350 | Lair:2   | Noticed a death yak
 11374 | Lair:2   | Killed a death yak
 11375 | Lair:2   | Reached XP level 12. HP: 93/101 MP: 12/12
 11392 | Lair:2   | HP: 24/101 [fire crab] (18)]
 11392 | Lair:2   | Slain by a fire crab

Illustrated notes

Levels and vault maps discovered:
D:1:      scummos_arrival_star, layout_loops_ring, nrook_loot_triangle,
          nicolae_kite_square_tiling_tiny, roderic_serpentine_path, st_stairs_2,
          minmay_pentomino_s4
D:2:      layout_basic, basic_ecumenical_altar, dreamdust_wishing_well
D:3:      layout_basic, mainiacjoe_overflow_surrounded_room
D:4:      layout_basic, mainiacjoe_overflow_alcove_2
D:5:      layout_basic
D:6:      layout_loops_ring, minmay_temple_entry_statues_fountains,
          nicolae_ossuary_entry_plus, uniq_grinder
D:7:      minmay_chambers_of_sevens, layout_loops_cross,
          mainiacjoe_overflow_small_starburst, elyvilon_altar_4
D:8:      layout_basic, serial_shops, shop, minmay_misc_feat_columns
D:9:      layout_cave_pools, nicolae_uskayaw_dance_studio
D:10:     layout_basic, hellmonk_lair_entry_icy
Temple:   bh_familiar_temple
Lair:1:   layout_long_grid, dpeg_stationary_puzzle, infiniplex_staircase_pool,
          lemuel_fruit_fields, uniq_urug
Lair:2:   layout_gridlike, dummy_spider_entry, nicolae_lair_lakeside_cave

Skill      XL: |  1  2  3  4  5  6  7  8  9 10 11 12 |
---------------+-------------------------------------+-----
Unarmed Combat | 4 5 6 7 9 10 11 13 | 13.7
Shapeshifting  | 5 7 |  7.5
Fighting       | 3 5 7 11 10 | 11.7
Armour         | 2 3 4 5 7 6 |  7.5
Evocations     | 4 7 |  7.1
Dodging        | 7 |  7.2

Action                     |  1- 3 |  4- 6 |  7- 9 | 10-12 || total
---------------------------+-------+-------+-------+-------++-------
  Melee: Unarmed           |   100 |   139 |   377 |   597 ||  1213
         Punch             |     3 |     3 |    20 |    75 ||   101
         Tailslap          |       |       |       |     1 ||     1
  Throw: Dart              |       |     1 |     1 |    22 ||    24
 Invoke: Sacrifice Love    |       |       |     1 |       ||     1
         Sacrifice Stealth |       |       |       |     1 ||     1
         Sacrifice Experie |       |       |       |     1 ||     1
  Evoke: Wand              |       |       |    14 |    32 ||    46
    Use: Potion            |     1 |       |     1 |     1 ||     3
         Scroll            |       |       |    13 |     8 ||    21
   Stab: Paralysed         |       |       |     7 |     6 ||    13
         Distracted        |       |       |     1 |       ||     1
         Invisible         |       |       |       |     1 ||     1
 Armour: Animal skin       |    68 |    14 |       |       ||    82
         Skin              |     7 |       |     4 |       ||    11
         Plate armour      |       |    88 |   313 |   578 ||   979
  Dodge: Dodged            |    67 |    36 |    66 |   161 ||   330

Table legend: (Time is in decaauts)
 A = Elapsed time spent in this place.
 B = Non-inter-level travel time spent in this place.
 C = Inter-level travel time spent in this place.
 D = Time resting spent in this place.
 E = Time spent auto-exploring this place.
 F = Levels seen in this place.
 G = Mean time per level.
                   A        B        C        D        E       F      G
               +--------+--------+--------+--------+--------+-----+--------+
         Total |  11157 |  10704 |    453 |   1576 |   6488 |  14 |  796.9 |
       Dungeon |   8491 |   8101 |    390 |   1091 |   5134 |  10 |  849.1 |
        Temple |     25 |     13 |     12 |      0 |      0 |   1 |   25.0 |
          Lair |   2108 |   2058 |     50 |    366 |   1123 |   2 | 1054.0 |
       Ossuary |    531 |    531 |      0 |    119 |    231 |   1 |  531.0 |
               +--------+--------+--------+--------+--------+-----+--------+

Top non-repeatable levels by time:
     D:5: 1323 daAuts
    D:10: 1236 daAuts
  Lair:2: 1092 daAuts
  Lair:1: 1016 daAuts
     D:8: 877 daAuts
     D:1: 849 daAuts
     D:7: 834 daAuts
     D:2: 821 daAuts
     D:3: 738 daAuts
     D:9: 629 daAuts
     D:6: 628 daAuts
     D:4: 552 daAuts
 Ossuary: 531 daAuts
  Temple: 25 daAuts
